 Dungeon Crawl Stone Soup version 0.27-a0-1200-g94dc6ad4cf (webtiles) character file.

Game seed: 15629214672366932241

11692 Delamore the Basher (level 11, -12/63 HPs)
             Began as a Gargoyle Fighter on May 30, 2021.
             Was a High Priest of Okawaru.
             Mangled by a komodo dragon (21 damage)
             ... on level 2 of the Lair of Beasts.
             The game lasted 00:17:11 (15304 turns).

Delamore the Basher (Gargoyle Fighter)             Turns: 15304, Time: 00:17:12

Health: -12/63     AC: 29    Str: 22    XL:     11   Next: 81%
Magic:  14/15      EV: 11    Int: 10    God:    Okawaru [*****.]
Gold:   808        SH: 13    Dex:  9    Spells: 10/10 levels left

rFire    + . .     SeeInvis .   E - +1 mace (vorpal)
rCold    + . .     Faith    +   c - +0 kite shield
rNeg     + . .     Spirit   .   V - +4 scale mail {rF+}
rPois    ∞         Reflect  .   o - +0 helmet
rElec    +         Harm     .   n - +1 cloak
rCorr    .         Rampage  .   (no gloves)
Will     .....                  t - +0 pair of boots
Stlth    +.........             i - amulet of faith
HPRegen  0.20/turn              e - ring of protection from cold
MPRegen  0.14/turn              x - +4 ring of protection

@: heroic
A: sickness immunity, AC +8, negative energy resistance 1, electricity
resistance, torment resistance 1, petrification resistance
a: Renounce Religion, Heroism, Finesse


You were on level 2 of the Lair of Beasts.
You worshipped Okawaru.
Okawaru was extremely pleased with you.
You visited 3 branches of the dungeon, and saw 13 of its levels.

You collected 808 gold pieces.

Inventory:

Hand Weapons
 b - a +0 morningstar
 y - a +1 flail of holy wrath
 E - a +1 vorpal mace (weapon)
 K - a +0 whip of flaming
Missiles
 J - 17 atropa-tipped darts
 M - a curare-tipped dart
 O - 30 poisoned darts
 T - 2 silver javelins (quivered)
 U - 3 throwing nets
Armour
 c - a +0 kite shield (worn)
 n - a +1 cloak (worn)
 o - a +0 helmet (worn)
 t - a +0 pair of boots (worn)
 B - a +0 plate armour
 V - a +4 scale mail of fire resistance (worn)
Jewellery
 e - a ring of protection from cold (left hand)
 i - an amulet of faith (around neck)
 x - a +4 ring of protection (right hand)
 z - a ring of wizardry
 N - a ring of positive energy
Wands
 m - a wand of digging (6)
 u - a wand of flame (45)
 A - a wand of acid (13)
Scrolls
 h - 2 scrolls of blinking
 k - 4 scrolls of silence
 l - a scroll of fear
 q - a scroll of fog
 s - a scroll of noise
 v - a scroll of enchant armour
 w - a scroll of magic mapping {unknown}
 D - a scroll of immolation {unknown}
 F - a scroll of torment
 L - a scroll of summoning
 P - a scroll of amnesia {unknown}
 R - a scroll of vulnerability {unknown}
Potions
 a - a potion of flight {unknown}
 d - 3 potions of might
 f - 2 potions of haste
 g - a potion of resistance
 j - a potion of cancellation {unknown}
 p - a potion of invisibility
 r - 3 potions of mutation {unknown}
 C - 4 potions of degeneration
 G - 3 potions of lignification
 H - 2 potions of attraction {unknown}
 I - a potion of magic {unknown}


   Skills:
 - Level 5.0(10.0) Fighting
 - Level 14.0(19.0) Maces & Flails
 - Level 6.0(11.0) Throwing
 - Level 3.2(8.2) Armour
 + Level 8.7(13.7) Shields
 + Level 5.3 Invocations


You had 10 spell levels left.
You didn't know any spells.
Your spell library contained the following spells:

 Spells                   Type           Power      Damage    Failure   Level
 Beastly Appendage        Tmut           0%         N/A       71%         1
 Corona                   Hex            0%         N/A       71%         1
 Magic Dart               Conj           0%         1d3       71%         1
 Blink                    Tloc           N/A        N/A       83%         2
 Call Imp                 Summ           0%         N/A       83%         2
 Slow                     Hex            0%         N/A       83%         2
 Wereblood                Tmut           0%         N/A       83%         2
 Conjure Flame            Conj/Fire      0%         6-21      97%         3
 Inner Flame              Hex/Fire       0%         N/A       97%         3
 Mephitic Cloud           Conj/Pois/Air  0%         N/A       97%         3
 Portal Projectile        Hex/Tloc       0%         N/A       97%         3
 Spider Form              Tmut/Pois      0%         N/A       97%         3
 Cause Fear               Hex            0%         N/A       100%        4
 Ice Form                 Ice/Tmut       0%         N/A       100%        4
 Leda's Liquefaction      Hex/Erth       0%         N/A       100%        4
 Hydra Form               Tmut           0%         N/A       100%        5


Dungeon Overview and Level Annotations

Branches:
Dungeon (10/15)            Temple (0/1) D:7            Lair (2/6) D:9
 Shoals (0/4) Lair:2          Orc (1/2) D:9
  Snake: Lair:2-4    Spider: Lair:2-4

Altars:
Elyvilon
Fedhas
Makhleb
Okawaru
Qazlal
Sif Muna
Xom
Zin
Beogh

Annotations:
D:4 2 runed translucent doors
D:6 2 transporters, exoticbruise's ghost, weakling OpDe


Innate Abilities, Weirdness & Mutations

You are immune to sickness and miasma.
Your stone body is resilient. (AC +8)
You are immune to poison.
You resist negative energy. (rN+)
You are resistant to electric shocks. (rElec)
You are resistant to unholy torment.
You are immune to petrification.


Message History

The komodo dragon bites you!
* * * LOW HITPOINT WARNING * * *
You hit the komodo dragon but do no damage.
The komodo dragon is heavily wounded.
The komodo dragon bites you!
* * * LOW HITPOINT WARNING * * *
You feel better. The komodo dragon bites you.
* * * LOW HITPOINT WARNING * * *
You barely miss the komodo dragon.
The komodo dragon is moderately wounded.
You hit the komodo dragon but do no damage.
The komodo dragon is moderately wounded.
The komodo dragon closely misses you.
You barely miss the komodo dragon.
The komodo dragon is moderately wounded.
The komodo dragon closely misses you.
You hit the komodo dragon.
The komodo dragon is heavily wounded.
You block the komodo dragon's attack.
You hit the komodo dragon.
The komodo dragon is severely wounded.
You closely miss the komodo dragon.
The komodo dragon is severely wounded.
The komodo dragon bites you.
* * * LOW HITPOINT WARNING * * *
You hit the komodo dragon.
The komodo dragon is severely wounded.
The komodo dragon bites you.
* * * LOW HITPOINT WARNING * * *
You feel much better. The komodo dragon bites you.
You hit the komodo dragon.
The komodo dragon is severely wounded.
The komodo dragon bites you!
* * * LOW HITPOINT WARNING * * *
You hit the komodo dragon.
The komodo dragon is almost dead.
You barely miss the komodo dragon.
The komodo dragon is almost dead.
The komodo dragon bites you!!
You die...

## #### .. ##.....## #P.####
#.###.......# ##.##.###
#......##.P.###### #........
##......#.....#..#.####..#P..##
#........#...............######
..........#P>.####...P#### #
........##...##P.###.## #
.............l@..###.#
...#P.#..#######..#..# #######
.... ##..# #.#.##..####.##.#P
.... #..# ##.<..............
.<. #..# #############..## ..
#.## ##### . #.P # ### ...
###P#.. .......


You could see a komodo dragon.

Vanquished Creatures
  A hydra (Lair:1)
  A boulder beetle (D:9)
  Harold (Lair:1)
  Pikel (D:7)
  A black mamba (Lair:2)
  2 cane toads
  2 komodo dragons
  A troll (D:10)
  Grinder (D:3)
  16 yaks
  A basilisk (D:9)
  3 wyverns
  2 steam dragons
  Menkaure (D:4)
  6 water moccasins
  6 orc warriors
  2 black bears (Lair:1)
  An ogre (D:6)
  3 centaurs
  2 kobold brigands
  A gnoll sergeant (D:4)
  6 bullfrogs
  A scorpion (D:7)
  A water moccasin zombie (D:5)
  A water moccasin skeleton (D:7)
  4 wights (D:9)
  6 howler monkeys
  A bullfrog zombie (D:5)
  3 centaur zombies
  2 hounds
  Crazy Yiuf (D:6)
  9 orc priests
  A gnoll shaman (D:5)
  2 centaur skeletons
  A bullfrog skeleton (D:7)
  An iguana (D:5)
  Ijyb (D:3)
  12 orc wizards
  A scorpion zombie (D:5)
  A howler monkey zombie (D:7)
  Robin (D:3)
  10 gnolls
  3 adders
  A shadow imp (D:7)
  A white imp (D:5)
  2 worms
  3 dart slugs
  34 orcs
  9 endoplasms
  9 giant cockroaches
  12 goblins
  8 hobgoblins
  5 jackals
  5 quokkas
  6 ball pythons
  4 bats
  2 frilled lizards
  18 kobolds
  6 rats (D:1)
249 creatures vanquished.

Vanquished Creatures (others)
  10 fungi
  22 plants
32 creatures vanquished.

Grand Total: 281 creatures vanquished

Notes
Turn   | Place    | Note
-------+----------+-------------------------------------------
     0 | D:1      | Delamore the Gargoyle Fighter began the quest for the Orb.
     0 | D:1      | Reached XP level 1. HP: 14/14 MP: 1/1
    41 | D:1      | Found a faded altar of an unknown god.
    83 | D:1      | Reached XP level 2. HP: 19/19 MP: 2/2
    92 | D:1      | Became a worshipper of Warmaster Okawaru
    92 | D:1      | Reached * piety under Okawaru
   420 | D:1      | Reached skill level 3 in Maces & Flails
   592 | D:1      | Reached XP level 3. HP: 21/24 MP: 3/3
  1355 | D:2      | Reached XP level 4. HP: 29/29 MP: 4/4
  1613 | D:3      | Noticed Robin
  1622 | D:2      | Reached skill level 1 in Invocations
  1876 | D:3      | Killed Robin
  2124 | D:3      | Noticed Grinder
  2139 | D:3      | Paralysed by Grinder for 6 turns
  2148 | D:3      | Killed Grinder
  2148 | D:3      | Reached ** piety under Okawaru
  2149 | D:3      | Reached skill level 4 in Maces & Flails
  2149 | D:3      | Reached XP level 5. HP: 10/34 MP: 3/6
  2149 | D:3      | Reached XP level 6. HP: 12/39 MP: 3/7
  2453 | D:3      | Noticed Ijyb
  2465 | D:3      | Killed Ijyb
  2466 | D:3      | Reached skill level 5 in Maces & Flails
  3054 | D:4      | Noticed Menkaure
  3078 | D:4      | Killed Menkaure
  3079 | D:4      | Reached skill level 5 in Fighting
  3079 | D:4      | Reached XP level 7. HP: 18/44 MP: 6/9
  3297 | D:4      | Found a large runed translucent door.
  3298 | D:4      | Found a large runed translucent door.
  3339 | D:4      | Reached skill level 6 in Maces & Flails
  4182 | D:4      | Noticed a two-headed ogre
  4246 | D:5      | Entered Level 5 of the Dungeon
  4368 | D:5      | Reached skill level 7 in Maces & Flails
  5063 | D:5      | Reached *** piety under Okawaru
  5251 | D:5      | Reached XP level 8. HP: 44/49 MP: 10/10
  5625 | D:6      | Reached skill level 8 in Maces & Flails
  6445 | D:6      | Reached skill level 9 in Maces & Flails
  6511 | D:6      | Found a stormy altar of Qazlal.
  6666 | D:6      | Found a burning altar of Makhleb.
  6704 | D:6      | Found a transporter.
  6704 | D:6      | Noticed exoticbruise's ghost (weakling OpDe)
  6710 | D:6      | Found a transporter.
  6823 | D:6      | Found a runed translucent door.
  6824 | D:6      | Noticed Crazy Yiuf
  6983 | D:6      | Killed Crazy Yiuf
  7248 | D:7      | Found an iron altar of Okawaru.
  7313 | D:7      | Reached skill level 10 in Maces & Flails
  7528 | D:7      | Reached XP level 9. HP: 48/54 MP: 11/11
  7596 | D:7      | Reached **** piety under Okawaru
  7861 | D:7      | Found a staircase to the Ecumenical Temple.
  7951 | D:7      | Reached skill level 11 in Maces & Flails
  8253 | D:7      | Noticed Pikel
  8258 | D:7      | Killed Pikel
  8872 | D:8      | Reached skill level 12 in Maces & Flails
  8883 | D:8      | Reached ***** piety under Okawaru
  9144 | D:8      | Found a blossoming altar of Fedhas.
  9678 | D:9      | Reached skill level 1 in Throwing
  9688 | D:9      | Reached XP level 10. HP: 56/59 MP: 12/12
  9726 | D:9      | Received a gift from Okawaru
  9727 | D:9      | Reached skill level 13 in Maces & Flails
  9991 | D:9      | Found a staircase to the Lair.
 10461 | D:9      | Found a staircase to the Orcish Mines.
 10788 | D:9      | Found a white marble altar of Elyvilon.
 10831 | D:9      | Noticed a boulder beetle
 10840 | Orc:1    | Entered Level 1 of the Orcish Mines
 11080 | D:9      | Killed a boulder beetle
 11080 | D:9      | Received a gift from Okawaru
 11081 | D:9      | Reached skill level 14 in Maces & Flails
 11212 | D:9      | Found a shimmering blue altar of Sif Muna.
 11571 | Lair:1   | Entered Level 1 of the Lair of Beasts
 11837 | Lair:1   | Noticed a seven-headed hydra
 11838 | Lair:1   | Noticed a cane toad
 11855 | Lair:1   | Killed a cane toad
 11856 | Lair:1   | Reached skill level 5 in Throwing
 11856 | Lair:1   | Reached XP level 11. HP: 62/63 MP: 10/13
 11870 | Lair:1   | Received a gift from Okawaru
 12034 | Lair:1   | Reached skill level 5 in Shields
 12217 | Lair:1   | Noticed Harold
 12224 | Lair:1   | Killed a seven-headed hydra
 12245 | Lair:1   | HP: 3/63 [something (12)]
 12278 | Lair:1   | Noticed a seven-headed hydra
 12286 | Lair:1   | Killed Harold
 12591 | D:10     | Entered Level 10 of the Dungeon
 13691 | D:10     | Found a shimmering altar of Xom.
 13691 | D:10     | Found a glowing silver altar of Zin.
 13691 | D:10     | Noticed an angel
 13813 | D:9      | Received a gift from Okawaru
 14863 | Lair:2   | Found a staircase to the Shoals.
 15135 | Lair:2   | Reached skill level 5 in Invocations
 15304 | Lair:2   | Mangled by a komodo dragon

Illustrated notes

Levels and vault maps discovered:
D:1:      dpeg_arrival_arbitrary_c, layout_rooms, ebering_ecumenical_altar_hall,
          chequers_arboretum, chequers_big_river, minmay_tiny_reverse_x
D:2:      layout_basic, minmay_worlds_worst_comb
D:3:      layout_rooms, chequers_serial_rivers_micro_e,
          kennysheep_generic_room_6, uniq_robin, uniq_ijyb, uniq_grinder
D:4:      layout_loops_cross, jmf_multi_god_temple2, chequers_decorated_corner,
          kennysheep_big_empty_room, uniq_menkaure
D:5:      layout_gridville
D:6:      layout_basic, marbit_many_paths, nicolae_qazlal_eye_of_the_storm,
          gammafunk_ghost_arena, uniq_crazy_yiuf_cottage
D:7:      layout_gridville, general_overflow_altar,
          minmay_temple_entry_proselytizer, chequers_serial_rivers_micro_a,
          uniq_pikel
D:8:      layout_basic, nicolae_overflow_crystal_walls,
          nicolae_overflow_hidden_temple
D:9:      layout_roguey, tgw_sif, kennysheep_mini_moat, minmay_lair_entry_grove,
          minmay_orc_entry_temple_small, chequers_serial_rivers_small_b,
          st_stairs_8
D:10:     layout_irregular_city, grunt_temple_overflow_order_and_chaos_1,
          hangedman_decor_slide_cut
Lair:1:   layout_cave_shapes, st_stairs_10, uniq_harold
Lair:2:   minmay_guarded_unrand_snakebite, layout_loops_ring,
          elwin_shoals_entry_rocks, maelrawn_ghost_gauntlet_escape, uniq_urug
Orc:1:    nicolae_orc_accident_2, layout_caves, serial_shops, shop, shop

Skill      XL: |  1  2  3  4  5  6  7  8  9 10 11 |
---------------+----------------------------------+-----
Maces & Flails | 3 4 5 7 10 12 14 | 14.0
Invocations    | 2 3 5 |  5.3
Fighting       | 4 5 |  5.0
Throwing       | 1 5 6 |  6.0
Shields        | 4 8 |  8.7
Armour         | |  3.2

Action                   |  1- 3 |  4- 6 |  7- 9 | 10-12 || total
-------------------------+-------+-------+-------+-------++-------
Melee: Flail             |   124 |    26 |       |       ||   150
       Mace              |       |   132 |   434 |   606 ||  1172
Throw: Throwing net      |       |       |     1 |     1 ||     2
       Javelin           |       |       |       |     3 ||     3
Invok: Heroism           |       |     4 |    12 |    14 ||    30
       Finesse           |       |       |       |     5 ||     5
Evoke: Wand              |       |       |     3 |       ||     3
  Use: Scroll            |       |     1 |    13 |     2 ||    16
       Potion            |       |       |     3 |    10 ||    13
Armor: Scale mail        |    62 |   111 |   143 |    37 ||   353
       Chain mail        |       |       |   241 |   278 ||   519
Dodge: Dodged            |    38 |    69 |   158 |   134 ||   399
Block: Kite shield       |    58 |    96 |   273 |   257 ||   684

Table legend: (Time is in decaauts)
 A = Elapsed time spent in this place.
 B = Non-inter-level travel time spent in this place.
 C = Inter-level travel time spent in this place.
 D = Time resting spent in this place.
 E = Time spent auto-exploring this place.
 F = Levels seen in this place.
 G = Mean time per level.
                   A        B        C        D        E       F      G
               +--------+--------+--------+--------+--------+-----+--------+
         Total |  15359 |  14849 |    510 |   4288 |   7984 |  13 | 1181.5 |
       Dungeon |  13662 |  13224 |    438 |   3747 |   7202 |  10 | 1366.2 |
          Lair |   1471 |   1399 |     72 |    317 |    782 |   2 |  735.5 |
  Orcish Mines |    225 |    225 |      0 |    224 |      0 |   1 |  225.0 |
               +--------+--------+--------+--------+--------+-----+--------+

Top non-repeatable levels by time:
     D:9: 2306 daAuts
    D:10: 1649 daAuts
     D:4: 1636 daAuts
     D:7: 1422 daAuts
     D:5: 1343 daAuts
     D:3: 1289 daAuts
  Lair:1: 1267 daAuts
     D:1: 1151 daAuts
     D:8: 1039 daAuts
     D:6: 1027 daAuts
     D:2: 796 daAuts
   Orc:1: 225 daAuts
  Lair:2: 203 daAuts
